 Dungeon Crawl Stone Soup version 0.31-a0-496-g6f97920a28 (webtiles) character file.

Game seed: 17867890261178431352

26 javelincjr the Ruffian (level 2, -2/21 HPs)
             Began as a Demonspawn Shapeshifter on Aug 8, 2023.
             Slain by a goblin
             ... wielding a +0 club
              (4 damage)
             ... on level 1 of the Dungeon.
             The game lasted 00:01:37 (601 turns).

javelincjr the Ruffian (Demonspawn Shapeshifter)     Turns: 601, Time: 00:01:37

Health: -2/21      AC:  2    Str: 15    XL:     2   Next: 89%
Magic:  2/2        EV: 12    Int:  9    God:
Gold:   37         SH:  0    Dex: 13    Spells: 1/1 levels left

rFire   . . .        k - +0 hand axe
rCold   . . .        (no shield)
rNeg    . . .        a - +0 animal skin
rPois   .            (helmet currently unavailable)
rElec   .            (cloak currently unavailable)
rCorr   .            (gloves currently unavailable)
SInv    .            (boots currently unavailable)
Will    .....        (no amulet)
Stlth   +            (no ring)
HPRegen 0.23/turn    (no ring)
MPRegen 0.08/turn

%: no passive effects
@: brilliant, beast-form
A: beast (slay +1), hooves 1
a: Begin Untransformation


You were on level 1 of the Dungeon.
You were a hulking beast.
You visited 1 branch of the dungeon, and saw 1 of its levels.

You collected 37 gold pieces.

Inventory:

Hand Weapons
 g - a +0 whip
 k - a +0 hand axe (weapon)
Missiles
 f - 4 stones
Armour
 a - a +0 animal skin (worn)
Talismans
 c - a beast talisman (active)
 d - a flux talisman
Potions
 b - a potion of lignification
 e - a potion of mutation {unknown}
 h - a potion of curing {unknown}
 i - 2 potions of degeneration {unknown}


   Skills:
 + Level 1.6 Fighting
 + Level 2.1 Dodging
 + Level 3.0 Unarmed Combat
 + Level 2.9 Shapeshifting


You had one spell level left.
You didn't know any spells.
Your spell library was empty.

Dungeon Overview and Level Annotations

Branches:
Dungeon (1/15)

Altars:


Innate Abilities, Weirdness & Mutations

You are a hulking beast.
Your limbs bulge with bestial killing power. (Slay +1)
You have large cloven feet.


Message History

You are too injured to fight recklessly!
You hit the dart slug.
You kill the dart slug!
A ball python comes into view.
Found a stone staircase leading down.
The ball python hisses angrily.
The ball python bites you. The ball python grabs you.
The ball python constricts you. The ball python closely misses you.
The ball python constricts you.
You hit the ball python.
You kill the ball python!
No target in view!
No target in view!
There is a stone staircase leading down here.
A gnoll comes into view. It is wielding a +0 spear.
The gnoll shouts!
A goblin comes into view. It is wielding a +0 club.
The gnoll hits you with a +0 spear.
The goblin shouts!
You hit the gnoll but do no damage. Your kick misses the gnoll.
The gnoll hits you with a +0 spear.
You hit the gnoll. You kick the gnoll.
The gnoll is moderately wounded.
The gnoll hits you with a +0 spear.
You are too injured to fight recklessly!
You are too injured to fight recklessly!
You hit the gnoll.
The gnoll is severely wounded.
You closely miss the goblin. The goblin closely misses you.
The gnoll hits you with a +0 spear.
* * * LOW HITPOINT WARNING * * *
The gnoll hits you with a +0 spear.
* * * LOW HITPOINT WARNING * * *
The goblin hits you with a +0 club.
* * * LOW HITPOINT WARNING * * *
Unknown command.
It was a potion of brilliance.
You feel clever all of a sudden. The gnoll misses you.
The goblin hits you with a +0 club.
You die...

....... #.......#.#.# .........#
#####.#.#.#.# .........#
#.#.#...# .........# #.#.#####
.........# #.#.#.... .........##
#.#.#.### ..........## ..#......
...........### ###.#####
......gh.#...## ##.# #[ ###
......g..###..# #..# #. ..#
.........# ##.###.## #. ..#
.........# #.....#####. ..#
########## #####....##.
..###########################..#.
.........................# ##...
..†......................# ##.>
#..).....................### ##.


You could see a gnoll and a goblin.

Vanquished Creatures
  2 dart slugs (D:1)
  4 endoplasms (D:1)
  2 hobgoblins (D:1)
  2 jackals (D:1)
  A kobold (D:1)
  5 ball pythons (D:1)
  A bat (D:1)
  A frilled lizard (D:1)
  2 goblins (D:1)
  A rat (D:1)
21 creatures vanquished.

Notes
Turn   | Place    | Note
-------+----------+-------------------------------------------
     0 | D:1      | javelincjr the Demonspawn Shapeshifter began the quest for
                  | the Orb.
     0 | D:1      | Reached XP level 1. HP: 15/15 MP: 1/1
   271 | D:1      | Gained mutation: You have large cloven feet. [demonic
                  | ancestry]
   271 | D:1      | Reached XP level 2. HP: 21/21 MP: 2/2
   440 | D:1      | Reached skill level 3 in Unarmed Combat
   600 | D:1      | HP: 1/21 [goblin/+0 club (2)]
   601 | D:1      | Slain by a goblin

Illustrated notes

Levels and vault maps discovered:
D:1:      matt_arrival_spirals, layout_basic, ebering_dispersal_statue_hall

Skill      XL: |  1  2 |
---------------+-------+-----
Dodging        | 2 |  2.1
Unarmed Combat | 3 |  3.0
Fighting       | |  1.6
Shapeshifting  | |  2.9

Action                     || total
---------------------------++-------
  Melee: Whip              ||    21
         Unarmed           ||     7
         Punch             ||     1
         Hand axe          ||    15
         Kick              ||     5
    Use: Potion            ||     1
 Armour: Animal skin       ||     7
  Dodge: Dodged            ||    33

Table legend: (Time is in decaauts)
 A = Elapsed time spent in this place.
 B = Non-inter-level travel time spent in this place.
 C = Inter-level travel time spent in this place.
 D = Time resting spent in this place.
 E = Time spent auto-exploring this place.
 F = Levels seen in this place.
 G = Mean time per level.
                   A        B        C        D        E       F      G
               +--------+--------+--------+--------+--------+-----+--------+
         Total |    606 |    606 |      0 |      0 |    471 |   1 |  606.0 |
       Dungeon |    606 |    606 |      0 |      0 |    471 |   1 |  606.0 |
               +--------+--------+--------+--------+--------+-----+--------+

Top non-repeatable levels by time:
     D:1: 606 daAuts
